 Dungeon Crawl Stone Soup version 0.31.0-11-ge490571c62 (webtiles) character file.

Game seed: 923544414758359682

136 Amaterasu the Insei (level 5, -5/34 HPs)
             Began as an Octopode Shapeshifter on Jan 26, 2024.
             Slain by a gnoll sergeant
             ... wielding a +0 trident
              (15 damage)
             ... on level 2 of the Dungeon.
             The game lasted 00:04:13 (2394 turns).

Amaterasu the Insei (Octopode Shapeshifter)         Turns: 2394, Time: 00:04:17

Health: -5/34      AC:  1    Str: 13    XL:     5   Next: 19%
Magic:  5/5        EV: 12    Int: 13    God:
Gold:   172        SH:  2    Dex: 13    Spells: 4/4 levels left

rFire   . .          .
                       - Unarmed
rCold   . . .        h - -2 buckler
rNeg    . . .        (helmet currently unavailable)
rPois   .            (no amulet)
rElec   .            (no ring)
rCorr   .            (no ring)
SInv    .            (no ring)
Will    .....        (no ring)
Stlth   ++           (no ring)
HPRegen 0.25/turn    (no ring)
MPRegen 0.09/turn    (no ring)
                     (no ring)

%: no passive effects
@: beast-form
A: beast (slay +1), almost no armour, amphibious, 8 rings, camouflage 1,
gelatinous body 1, (nimble swimmer 1), tentacles
a: Begin Untransformation


You were on level 2 of the Dungeon.
You were a hulking beast.
You visited 1 branch of the dungeon, and saw 3 of its levels.

You collected 172 gold pieces.

Inventory:

Armour
 h - a -2 buckler (worn)
Talismans
 b - a beast talisman
 c - a flux talisman
Scrolls
 f - 3 scrolls of teleportation
 k - a scroll of brand weapon {unknown}
 l - a scroll of vulnerability {unknown}
 m - a scroll of blinking {unknown}
 n - a scroll of acquirement {unknown}
 o - a scroll of silence {unknown}
Potions
 a - 2 potions of lignification
 d - 2 potions of ambrosia
 e - a potion of attraction
 g - a potion of degeneration {unknown}
 i - 2 potions of curing
 j - a potion of might {unknown}


   Skills:
 * Level 2.0 Fighting
 - Level 2.0 Dodging
 * Level 1.4 Shields
 * Level 5.0 Unarmed Combat
 - Level 3.0 Shapeshifting


You had 4 spell levels left.
You didn't know any spells.
Your spell library contained the following spells:

 Spells                   Type           Power      Damage    Failure   Level
 Stone Arrow              Conj/Erth      0%         3d7       77%         3
 Lehudib's Crystal Spear  Conj/Erth      0%         10d2      100%        8
 Animate Armour           Summ/Erth      Unusable   N/A       N/A         4

Dungeon Overview and Level Annotations

Branches:
Dungeon (3/15)

Altars:
Qazlal
Trog

Shops:
D:1 [


Innate Abilities, Weirdness & Mutations

You are a hulking beast.
Your limbs bulge with bestial killing power. (Slay +1)
You cannot wear most types of armour.
You are amphibious.
You can wear up to eight rings at the same time.
Your skin changes colour to match your surroundings (Stealth+).
Your rubbery body absorbs attacks. (AC +1, EV +1)
((You are camouflaged when in or above water. (Stealth+)))
You have tentacles for arms and can constrict up to eight enemies at once.


Message History

There is a stone staircase leading down here.
You climb downwards.
There is a stone staircase leading up here.
There is a broken door here.
Found 5 stones.
You see here 5 stones.
You now have 160 gold pieces (gained 16).
n - a scroll labelled MOMEYSUHUS
o - a scroll labelled QUSAFF BEYSUG
There is an open door here.
You now have 172 gold pieces (gained 12).
Found a robe.
You see here 3 javelins.
Found a long sword.
You see here a +0 long sword.
You open the door.
There is an open door here.
A gnoll sergeant is nearby!
The gnoll shouts!
The gnoll sergeant shouts!
There is a stone staircase leading up here.
The gnoll shouts!
The gnoll sergeant closely misses you.
There is a stone staircase leading up here.
The gnoll sergeant closely misses you.
You climb upwards.
There is a stone staircase leading down here.
You closely miss the gnoll sergeant. You grab the gnoll sergeant.
You constrict the gnoll sergeant, but do no damage.
The gnoll sergeant hits you with a +0 trident!
You tentacle-slap the gnoll sergeant. You squeeze the gnoll sergeant!
The gnoll sergeant is moderately wounded.
You constrict the gnoll sergeant, but do no damage.
You tentacle-slap the gnoll sergeant. You squeeze the gnoll sergeant.
The gnoll sergeant is heavily wounded.
You constrict the gnoll sergeant, but do no damage.
The gnoll sergeant hits you with a +0 trident!
* * * LOW HITPOINT WARNING * * *
The gnoll sergeant hits you with a +0 trident!
You die...

##...÷....# ##.#######
######.# #......#
#.####.## #.####..##
######### #.#....#.#
#.......#
#.#.#...######.#####.#
#.#.............hg##.#
....#...######.##÷##.#
#......## #.......#
######.# ####.#### #.#
#.# ##'## #.# ##...##
#.# ##.....## ####.##
##.......## #...#.#


You could see a gnoll sergeant.

Vanquished Creatures
  A bombardier beetle (D:3)
  4 adders
  2 gnolls
  A dart slug (D:2)
  2 orcs (D:3)
  4 endoplasms (D:2)
  A giant cockroach (D:1)
  A goblin (D:1)
  4 hobgoblins
  7 jackals
  3 kobolds (D:2)
  A quokka (D:1)
  5 ball pythons
  2 bats (D:3)
  2 frilled lizards (D:2)
  3 rats (D:2)
43 creatures vanquished.

Notes
Turn   | Place    | Note
-------+----------+-------------------------------------------
     0 | D:1      | Amaterasu the Octopode Shapeshifter began the quest for the
                  | Orb.
     0 | D:1      | Reached XP level 1. HP: 13/13 MP: 1/1
   204 | D:1      | Found Ytuuvvap's Antique Armour Emporium.
   302 | D:1      | Reached XP level 2. HP: 18/18 MP: 2/2
   777 | D:2      | Reached XP level 3. HP: 18/23 MP: 3/3
  1061 | D:2      | Reached skill level 1 in Shields
  1061 | D:2      | Reached skill level 4 in Unarmed Combat
  1365 | D:2      | Reached XP level 4. HP: 23/29 MP: 4/4
  1763 | D:3      | Noticed a great orb of eyes
  1764 | D:3      | Found a faded altar of an unknown god.
  1772 | D:3      | Noticed a shining eye
  1776 | D:3      | Noticed an eye of devastation
  1776 | D:3      | Noticed a great orb of eyes
  1803 | D:3      | Found a stormy altar of Qazlal.
  1919 | D:3      | Noticed a gnoll sergeant
  2040 | D:3      | Found a bloodstained altar of Trog.
  2080 | D:3      | Reached XP level 5. HP: 27/34 MP: 5/5
  2200 | D:2      | Reached skill level 5 in Unarmed Combat
  2394 | D:2      | Slain by a gnoll sergeant

Illustrated notes

Levels and vault maps discovered:
D:1:      dpeg_arrival_concentric_ovals, layout_loops_ring, serial_shops,
          nicolae_shop_scrapyard, kennysheep_flooded_box
D:2:      layout_loops_corners, small_statue_intersection
D:3:      layout_basic, mainiacjoe_overflow_concentric_impassable, trog_book,
          hellmonk_ecumenical_altar_watching_god, st_stairs_8

Skill      XL: |  1  2  3  4  5 |
---------------+----------------+-----
Shields        | 1 |  1.4
Unarmed Combat | 4 5 |  5.0
Fighting       | 2 |  2.0
Dodging        | |  2.0
Shapeshifting  | |  3.0

Action                     |  1- 3 |  4- 6 || total
---------------------------+-------+-------++-------
  Melee: Unarmed           |    49 |    32 ||    81
         Tentacles         |     9 |     6 ||    15
         Constrict         |    12 |    11 ||    23
         Punch             |       |     2 ||     2
    Use: Scroll            |     2 |     2 ||     4
   Stab: Sleeping          |     6 |     2 ||     8
 Armour: Skin              |    16 |    20 ||    36
  Dodge: Dodged            |    20 |    24 ||    44
  Block: Buckler           |     3 |     2 ||     5
